 Dungeon Crawl Stone Soup version 0.31-a0-664-g902f515a81 (webtiles) character file.

Game seed: 17125225941147838522

13 Xavori the Cutter (level 2, -2/16 HPs)
             Began as a Vine Stalker Chaos Knight on Sept 3, 2023.
             Was a Plaything of Xom.
             Slain by a river rat (5 damage)
             ... on level 1 of the Dungeon.
             The game lasted 00:00:23 (482 turns).

Xavori the Cutter (Vine Stalker Chaos Knight)        Turns: 482, Time: 00:00:24

Health: -2/16      AC:  5    Str: 14    XL:     2   Next: 37%
Magic:  0/3        EV: 11    Int: 12    God:    Xom [...*..]
Gold:   36         SH:  0    Dex: 13    Spells: 1/1 levels left

rFire   . . .        a - +0 short sword (chaos)
rCold   . . .        (no shield)
rNeg    . . .        b - +2 leather armour
rPois   .            (no helmet)
rElec   .            (no cloak)
rCorr   .            (no gloves)
SInv    .            (no boots)
Will    .....        (no amulet)
Stlth   +            (no ring)
HPRegen 1.02/turn    (no ring)
MPRegen 0.08/turn

%: guardian spirit
@: no status effects
A: fangs 2, regeneration 1, magic shield, antimagic bite, no potion heal 2
a: Renounce Religion


You were on level 1 of the Dungeon.
You worshipped Xom.
You were a favourite toy of Xom.
You visited 1 branch of the dungeon, and saw 2 of its levels.

You collected 36 gold pieces.

Inventory:

Hand Weapons
 a - a +0 short sword of chaos (weapon)
Armour
 b - a +2 leather armour (worn)
Scrolls
 c - a scroll of butterflies
 g - 3 scrolls of identify {unknown}
Potions
 d - 2 potions of brilliance {unknown}
 e - a potion of invisibility {unknown}
 f - a potion of resistance {unknown}


   Skills:
 + Level 3.0 Fighting
 + Level 3.0 Short Blades
 + Level 1.6 Armour
 + Level 0.7 Dodging


You had one spell level left.
You didn't know any spells.
Your spell library contained the following spells:

 Spells                   Type           Power      Damage    Failure   Level
 Slow                     Hex            0%         N/A       38%         1
 Dazzling Flash           Conj/Hex       0%         N/A       77%         3
 Agony                    Necr           0%         N/A       100%        5
 Silence                  Hex/Air        0%         N/A       100%        5


Dungeon Overview and Level Annotations

Branches:
Dungeon (2/15)

Altars:


Innate Abilities, Weirdness & Mutations

You have extremely sharp teeth.
Your natural rate of healing is unusually fast.
When hurt, damage is shared between your health and your magic reserves.
Your bite disrupts and absorbs the magic of your enemies.
Potions cannot restore your health.


Message History

You are frozen.
You closely miss the river rat.
The river rat is lightly wounded.
The river rat barely misses you.
You miss the river rat. Your bite misses the river rat.
The river rat is lightly wounded.
The endoplasm closely misses you. The river rat barely misses you.
You barely miss the river rat. Your bite misses the river rat.
The river rat is lightly wounded.
The endoplasm hits you but does no damage.
You closely miss the river rat.
The river rat is lightly wounded.
The river rat bites you but does no damage.
The endoplasm misses you.
You hit the river rat but do no damage.
The river rat is poisoned.
Your bite misses the river rat.
The river rat is lightly wounded.
The river rat bites you. The endoplasm freezes you.
You are frozen.
You hit the river rat.
The river rat seems to speed up.
Your bite misses the river rat.
The river rat is moderately wounded.
The river rat bites you. The endoplasm misses you. The river rat bites you.
* * * LOW HITPOINT WARNING * * *
You hit the river rat but do no damage.
The river rat suddenly seems more resistant.
The river rat is heavily wounded.
The river rat bites you.
* * * LOW HITPOINT WARNING * * *
The endoplasm freezes you.
You are frozen.
* * * LOW HITPOINT WARNING * * *
You hit the river rat. You punch the river rat. Your bite misses the river rat.
The river rat is almost dead.
The river rat barely misses you. The endoplasm closely misses you.
You hit the river rat but do no damage.
The river rat is almost dead.
The river rat bites you.
You die...

.####.....##.########...#...P.
#.......(...#........#####
####..##.##.#.###.#.......
#........#.##..####.##.
#.....#.......## #....
#.#.#......### #####
###.#........# #........>...#
#.......@....# #......J.r...#
..............#
##....[...[..## #........!..#
#.....?.....# #...........#
..$........#


You could see a river rat (fast, agile, resistant, very poisoned) and an
endoplasm.

Vanquished Creatures
  A dart slug (D:1)
  An endoplasm (D:2)
  A hobgoblin (D:1)
  3 ball pythons (D:1)
  2 bats (D:1)
  2 frilled lizards (D:1)
  2 kobolds (D:2)
  A rat (D:1)
13 creatures vanquished.

Notes
Turn   | Place    | Note
-------+----------+-------------------------------------------
     0 | D:1      | Xavori the Vine Stalker Chaos Knight began the quest for
                  | the Orb.
     0 | D:1      | Reached XP level 1. HP: 11/11 MP: 2/2
    84 | D:1      | Found a faded altar of an unknown god.
    92 | D:1      | Got Plato's Secrets of the Faeries
   274 | D:1      | Reached XP level 2. HP: 16/16 MP: 3/3
   314 | D:1      | You fall into a shaft and drop 1 floor!
   482 | D:1      | Slain by a river rat

Illustrated notes

Levels and vault maps discovered:
D:1:      giann_horns, layout_basic, shapermc_ecumenical_altar_rom_forum
D:2:      layout_basic, serial_shops, nicolae_shop_rolled_up

Skill      XL: |  1  2 |
---------------+-------+-----
Short Blades   | 3 |  3.0
Fighting       | 3 |  3.0
Armour         | |  1.6
Dodging        | |  0.7

Action                     || total
---------------------------++-------
  Melee: Short sword       ||    43
         Bite              ||     7
         Punch             ||     1
 Armour: Leather armour    ||    26
  Dodge: Dodged            ||    25

Table legend: (Time is in decaauts)
 A = Elapsed time spent in this place.
 B = Non-inter-level travel time spent in this place.
 C = Inter-level travel time spent in this place.
 D = Time resting spent in this place.
 E = Time spent auto-exploring this place.
 F = Levels seen in this place.
 G = Mean time per level.
                   A        B        C        D        E       F      G
               +--------+--------+--------+--------+--------+-----+--------+
         Total |    476 |    476 |      0 |      0 |    376 |   2 |  238.0 |
       Dungeon |    476 |    476 |      0 |      0 |    376 |   2 |  238.0 |
               +--------+--------+--------+--------+--------+-----+--------+

Top non-repeatable levels by time:
     D:1: 402 daAuts
     D:2: 74 daAuts
